 Dungeon Crawl Stone Soup version 0.27-a0-695-gb4952372f7 (webtiles) character file.

Game seed: 11980907423979802034

154 Essalna the Digger (level 5, 0/28 HPs)
             Began as a Gargoyle Earth Elementalist on Mar 22, 2021.
             Killed by divine providence
             ... invoked by an orc priest
              (7 damage)
             ... on level 3 of the Dungeon.
             The game lasted 00:05:20 (3430 turns).

Essalna the Digger (Gargoyle Earth Elementalist)    Turns: 3430, Time: 00:05:21

Health: 0/28       AC:  7    Str: 11    XL:     5   Next: 35%
Magic:  9/9        EV: 11    Int: 17    God:
Gold:   43         SH:  0    Dex: 10    Spells: 6/10 levels left

rFire    . . .     SeeInvis .   o - +2 halberd (flame)
rCold    . . .     Faith    .   (shield currently unavailable)
rNeg     + . .     Spirit   .   c - +0 robe
rPois    ∞         Reflect  .   (no helmet)
rElec    +         Harm     .   m - +0 cloak
rCorr    .         Rampage  .   (no gloves)
Will     .....                  (no boots)
Stlth    +.........             (no amulet)
HPRegen  0.09/turn              (no ring)
MPRegen  0.11/turn              (no ring)

@: confused
A: AC +4, negative energy resistance 1, electricity resistance, torment
resistance 1, unbreathing 1, petrification resistance
a: no special abilities


You were on level 3 of the Dungeon.
You visited 1 branch of the dungeon, and saw 3 of its levels.

You collected 43 gold pieces.

Inventory:

Hand Weapons
 o - a +2 halberd of flaming (weapon)
Armour
 c - a +0 robe (worn)
 m - a +0 cloak (worn)
Magical Staves
 l - a staff of conjuration
Scrolls
 d - a scroll of identify {unknown}
 h - a scroll of fog {unknown}
 i - a scroll of fear {unknown}
 k - a scroll of holy word {unknown}
 p - a scroll of vulnerability {unknown}
Potions
 a - a potion of degeneration {unknown}
 e - a potion of attraction {unknown}
 f - a potion of brilliance {unknown}
 g - 2 potions of might {unknown}
 j - a potion of heal wounds {unknown}
 n - a potion of resistance {unknown}
 q - a potion of cancellation {unknown}


   Skills:
 - Level 1.5 Dodging
 - Level 2.1 Stealth
 + Level 3.2 Spellcasting
 + Level 2.3 Transmutations
 + Level 5.0 Earth Magic


You had 6 spell levels left.
You knew the following spells:

 Your Spells              Type           Power      Damage    Failure   Level
a - Sandblast             Erth           40%        2d10      2%          1
b - Stone Arrow           Conj/Erth      22%        3d8       19%         3

Your spell library contained the following spells:

 Spells                   Type           Power      Damage    Failure   Level
 Passwall                 Tmut/Erth      12%        N/A       5%          2
 Animate Skeleton         Necr           4%         N/A       17%         1
 Apportation              Tloc           4%         N/A       17%         1
 Corona                   Hex            2%         N/A       17%         1
 Summon Small Mammal      Summ           8%         N/A       17%         1
 Petrify                  Tmut/Erth      15%        N/A       36%         4
 Lee's Rapid Deconstruct  Erth           10%        3d9*      52%         5


Dungeon Overview and Level Annotations

Branches:
Dungeon (3/15)

Altars:
Dithmenos
Nemelex Xobeh
Okawaru

Shops:
D:2 ?

Annotations:
D:3 Ijyb


Innate Abilities, Weirdness & Mutations

Your stone body is resilient. (AC +4)
You are immune to poison.
You resist negative energy. (rN+)
You are resistant to electric shocks. (rElec)
You are resistant to unholy torment.
You can survive without breathing.
You are immune to petrification.


Message History

The orc shouts!
You hear a shout! x2
A jackal and an orc come into view.
The jackal moves out of view.
A jackal comes into view.
The orc shouts!
The jackal barks!
You hear a shout!
An orc comes into view. It is wielding a +0 dagger.
You hear a shout!
You don't have any stones to cast with.
You reach to attack!
You puncture the orc! You burn the orc.
You kill the orc!
A jackal comes into view.
The jackal moves out of view.
You reach to attack!
You closely miss the orc.
The orc throws a stone.
The stone barely misses you.
A kobold comes into view. It is wielding a +0 club.
The jackal barks!
You slash the orc! You burn the orc.
You kill the orc!
You closely miss the orc. The orc hits you but does no damage.
The orc closely misses you.
You barely miss the orc. The orc hits you but does no damage.
You hit the orc. You burn the orc.
The orc is severely wounded.
An orc priest comes into view. It is wielding a +0 short sword.
The orc hits you with a +0 club.
An orc wizard comes into view. It is wielding a +0 dagger.
The orc hits you but does no damage. The orc wizard barely misses you.
The orc priest mumbles some strange prayers to Beogh against you.
Beogh smites you!
Ouch! That really hurt!
The orc wizard points at you and mumbles some strange words.
You are confused.
The orc hits you but does no damage.
The orc wizard hits you with a +0 dagger.
* * * LOW HITPOINT WARNING * * *
The orc hits you but does no damage.
The orc priest invokes the aid of Beogh against you.
Beogh smites you!
You die...

#..#.).##..###
##...#.......######
###.####.#.......# #
##......#.......#
###..####.........#####.
.....####.#####.†.......
......)...#..##.........
)..########.o.o.........
....# #..#ho@.......
....### ####.#hK........
._....# #h..............
...##.###.##h##.......?.
...##.##..##.##.........
....#...h###..#.........
..........))............
........####............
...#.#.... .............


You could see an orc priest, an orc wizard, an orc, 3 jackals and a kobold.

Vanquished Creatures
  An orc wizard (D:3)
  3 gnolls (D:2)
  3 adders (D:2)
  2 oozes (D:2)
  2 worms (D:3)
  A dart slug (D:1)
  A leopard gecko (D:2)
  3 orcs (D:3)
  4 giant cockroaches
  6 hobgoblins
  3 kobolds
  A quokka (D:1)
  10 bats
  2 frilled lizards
  6 goblins
  7 rats
55 creatures vanquished.

Notes
Turn   | Place    | Note
-------+----------+-------------------------------------------
     0 | D:1      | Essalna the Gargoyle Earth Elementalist began the quest for
                  | the Orb.
     0 | D:1      | Reached XP level 1. HP: 10/10 MP: 3/3
   135 | D:1      | Reached skill level 1 in Transmutations
   181 | D:1      | Reached XP level 2. HP: 15/15 MP: 3/5
   431 | D:1      | Reached skill level 4 in Earth Magic
  1497 | D:2      | Found a shadowy altar of Dithmenos.
  1655 | D:2      | Reached XP level 3. HP: 11/19 MP: 6/6
  1776 | D:2      | Found Fawuargh's Magic Scroll Shoppe.
  2297 | D:2      | Reached XP level 4. HP: 11/24 MP: 4/8
  2929 | D:3      | Noticed Ijyb
  3180 | D:3      | Found an iron altar of Okawaru.
  3230 | D:3      | Reached XP level 5. HP: 28/28 MP: 9/9
  3280 | D:3      | Found a sparkling altar of Nemelex Xobeh.
  3290 | D:3      | Reached skill level 5 in Earth Magic
  3396 | D:3      | Learned a level 3 spell: Stone Arrow
  3430 | D:3      | Killed from afar by an orc priest

Illustrated notes

Levels and vault maps discovered:
D:1:      minmay_arrival_jagged, layout_loops_corners
D:2:      layout_basic, lemuel_coloured_pillars_altar, serial_shops,
          nicolae_shop_stone
D:3:      layout_rooms, overflow_temple_1_default, general_overflow_altar,
          minmay_misc_feat_plants, uniq_ijyb, uniq_terence

Skill      XL: |  1  2  3  4  5 |
---------------+----------------+-----
Transmutations | 1 2 |  2.3
Earth Magic    | 4 5 |  5.0
Spellcasting   | 3 |  3.2
Dodging        | |  1.5
Stealth        | |  2.1

Action                   |  1- 3 |  4- 6 || total
-------------------------+-------+-------++-------
Melee: Unarmed           |    42 |       ||    42
       Staff             |    56 |    24 ||    80
       Halberd           |       |    34 ||    34
 Cast: Sandblast         |    25 |    15 ||    40
 Stab: Sleeping          |     5 |     1 ||     6
Armor: Robe              |    48 |    34 ||    82
Dodge: Dodged            |    82 |    34 ||   116

Table legend: (Time is in decaauts)
 A = Elapsed time spent in this place.
 B = Non-inter-level travel time spent in this place.
 C = Inter-level travel time spent in this place.
 D = Time resting spent in this place.
 E = Time spent auto-exploring this place.
 F = Levels seen in this place.
 G = Mean time per level.
                   A        B        C        D        E       F      G
               +--------+--------+--------+--------+--------+-----+--------+
         Total |   3463 |   3357 |    106 |    127 |   2707 |   3 | 1154.3 |
       Dungeon |   3463 |   3357 |    106 |    127 |   2707 |   3 | 1154.3 |
               +--------+--------+--------+--------+--------+-----+--------+

Top non-repeatable levels by time:
     D:2: 1752 daAuts
     D:1: 1303 daAuts
     D:3: 407 daAuts
